 Dungeon Crawl Stone Soup version 0.31.0-9-g3a7656b989 (webtiles) character file.

Game seed: 3439117614466424959

134 qw the Shooter (level 4, -2/23 HPs)
             Began as a Spriggan Hunter on Feb 2, 2024.
             Slain by an iguana (13 damage)
             ... on level 3 of the Dungeon.
             The game lasted 00:00:06 (1642 turns).

qw the Shooter (Spriggan Hunter)                    Turns: 1642, Time: 00:00:06

Health: -2/23      AC:  2    Str:  7    XL:     4   Next: 95%
Magic:  5/5        EV: 20    Int: 10    God:
Gold:   87         SH:  0    Dex: 20    Spells: 3/3 levels left

rFire   + . .        a - +0 shortbow
rCold   . . .        (shield currently unavailable)
rNeg    . . .        c - +0 robe
rPois   .            (helmet restricted)
rElec   .            (no cloak)
rCorr   .            (gloves unavailable)
SInv    +            (boots unavailable)
Will    .....        (no amulet)
Stlth   ++           j - ring of protection from fire
HPRegen 0.23/turn    (no ring)
MPRegen 0.09/turn

%: no passive effects
@: very quick
A: very small, no large weapons, unfitting armour, see invisible, speed 3
a: no special abilities


You were on level 3 of the Dungeon.
You visited 1 branch of the dungeon, and saw 3 of its levels.

You collected 87 gold pieces.


Innate Abilities, Weirdness & Mutations

You are very small and have problems with some larger weapons.
You are too small for most types of armour.
You have supernaturally acute eyesight. (SInv)
You cover ground extremely quickly. (Speed+++)


   Skills:
 - Level 2.2 Fighting
 + Level 5.0 Ranged Weapons
 - Level 5.0 Dodging
 - Level 1.5 Stealth


You had 3 spell levels left.
You didn't know any spells.
Your spell library was empty.

Inventory:

Hand Weapons
 a - a +0 shortbow (weapon)
Armour
 c - a +0 robe (worn)
Jewellery
 j - a ring of protection from fire (left hand)
Potions
 b - a potion of heal wounds {unknown}
 d - 2 potions of curing
 e - a potion of berserk rage {unknown}
 f - 2 potions of ambrosia {unknown}
 g - a potion of haste {unknown}
 h - a potion of brilliance {unknown}
 k - a potion of magic {unknown}

Dungeon Overview and Level Annotations

Branches:
Dungeon (3/15)

Altars:


Message History

You now have 82 gold pieces (gained 9).
A goblin comes into view. It is wielding a +0 club.
You shoot an arrow. The arrow hits the goblin!
You kill the goblin!
Found 4 stones.
Found 14 stones.
A giant cockroach comes into view.
You shoot an arrow. The arrow hits the giant cockroach.
The giant cockroach is heavily wounded.
The giant cockroach waves its antennae.
You shoot an arrow. The arrow hits the giant cockroach!
You kill the giant cockroach!
You now have 87 gold pieces (gained 5).
An iguana comes into view.
Found 17 gold pieces.
Enter note:
Enter note: You shoot an arrow.
The arrow completely misses the iguana.
You shoot an arrow. The arrow hits the iguana.
The iguana is lightly wounded.
The iguana barely misses you.
You shoot an arrow.
The arrow hits the iguana but does no damage.
The iguana is lightly wounded.
The iguana closely misses you.
You shoot an arrow. The arrow hits the iguana.
The iguana is lightly wounded.
The iguana bites you!
Ouch! That really hurt!
You shoot an arrow. The arrow hits the iguana!
The iguana is heavily wounded.
The iguana closely misses you.
You shoot an arrow. The arrow hits the iguana.
The iguana is almost dead.
The iguana misses you.
You shoot an arrow. The arrow hits the iguana.
The iguana is almost dead.
The iguana bites you!
Ouch! That really hurt!
You die...

#. #. #. # #. .
######.#####.#
#..........#.#
#.....?......# .... #
#......@.....# #......##
#......l.....# #......##
###....#.....###......#.
$......#................
.......#................
......##................
...... #................
.....$ #................
#....#####.......


You could see an iguana.

Vanquished Creatures
  Jessica (D:2)
  Natasha (D:3)
  Robin (D:2)
  2 adders (D:2)
  2 ribbon worms (D:2)
  2 endoplasms (D:2)
  3 giant cockroaches
  8 goblins
  5 hobgoblins
  5 kobolds
  2 quokkas (D:1)
  6 ball pythons
  4 bats
  2 frilled lizards (D:1)
  6 rats
50 creatures vanquished.

Notes
Turn   | Place    | Note
-------+----------+-------------------------------------------
     0 | D:1      | qw the Spriggan Hunter began the quest for the Orb.
     0 | D:1      | Reached XP level 1. HP: 10/10 MP: 2/2
     0 | D:1      | 0 ||| qw: Version: 0.3-a-155-g5e7d8dd
     0 | D:1      | 0 ||| qw: Game counter: 2134
     0 | D:1      | 0 ||| qw: Melee chars always use a shield: true
     0 | D:1      | 0 ||| qw: God list: Okawaru
     0 | D:1      | 0 ||| qw: Allow faded altars: false
     0 | D:1      | 0 ||| qw: Do Orc after clearing Dungeon:15 true
     0 | D:1      | 0 ||| qw: Do second Lair branch before Depths: true
     0 | D:1      | 0 ||| qw: Lair rune preference: random
     0 | D:1      | 0 ||| qw: Goals: Normal
     0 | D:1      | 0 ||| PLANNING D:1-11
    68 | D:1      | Reached skill level 3 in Dodging
   144 | D:1      | Reached XP level 2. HP: 14/14 MP: 3/3
   373 | D:1      | Found a faded altar of an unknown god.
   685 | D:1      | 685 ||| UPGRADING to ring of protection from fire.
   686 | D:1      | 686 ||| READING scroll labelled VURAKU YRAJYR.
   687 | D:1      | 687 ||| READING scroll labelled FAECEPS TAIHU.
   687 | D:1      | 687 ||| IDENTIFYING sedimented coppery potion
   688 | D:1      | 688 ||| DROPPING scroll of butterflies.
   850 | D:2      | Reached XP level 3. HP: 18/18 MP: 4/4
   922 | D:2      | Noticed Robin
   931 | D:2      | Killed Robin
   984 | D:2      | Noticed Jessica
   988 | D:2      | Killed Jessica
   989 | D:2      | Reached XP level 4. HP: 22/22 MP: 5/5
  1462 | D:2      | 1462 ||| READING scroll labelled VEK ONAOHOANOMM.
  1517 | D:3      | Noticed Natasha
  1519 | D:3      | Killed Natasha
  1642 | D:3      | Slain by an iguana

Levels and vault maps discovered:
D:1:      lemuel_arrival_cross, layout_loops_ring,
          hellmonk_ecumenical_altar_lost_god
D:2:      layout_basic, uniq_jessica, uniq_robin
D:3:      layout_basic, uniq_natasha

Skill      XL: |  1  2  3  4 |
---------------+-------------+-----
Dodging        | 3 4 5 |  5.0
Ranged Weapons | 5 |  5.0
Fighting       | 2 |  2.2
Stealth        | |  1.5

Action                     |  1- 3 |  4- 6 || total
---------------------------+-------+-------++-------
   Fire: Shortbow          |    93 |    46 ||   139
    Use: Scroll            |     2 |     1 ||     3
 Armour: Robe              |    10 |     4 ||    14
  Dodge: Dodged            |    18 |    11 ||    29

Table legend:
 A = Non-vault XP
 B = Vault XP
 C = Vault XP percentage of total XP
 D = Non-vault monster count
 E = Vault monster count
 F = Vault count percentage of total count
                 A         B        C        D         E       F
            +---------+---------+-------+---------+---------+-------
      Total |      91 |     101 |  52.6 |      40 |      10 |  20.0
            +---------+---------+-------+---------+---------+-------
        D:1 |      21 |       0 |   0.0 |      15 |       0 |   0.0
        D:2 |      62 |      66 |  51.6 |      21 |       9 |  30.0
        D:3 |       8 |      35 |  81.4 |       4 |       1 |  20.0
            +---------+---------+-------+---------+---------+-------
